 Dungeon Crawl Stone Soup version 0.24-a0-580-g6a6c3f83c1 (webtiles) character file.

Game seed: 5995771252580623763

9441 Hylith the Geomancer (level 11, -9/72 HPs)
             Began as a Gargoyle Earth Elementalist on Aug 22, 2019.
             Was a Believer of Vehumet.
             Mangled by a white ugly thing (28 damage)
             ... on level 10 of the Dungeon.
             The game lasted 00:53:32 (14186 turns).

Hylith the Geomancer (Gargoyle Earth Elementalist) Turns: 14186, Time: 00:53:32

Health: -9/72      AC: 25    Str: 12    XL:     11   Next: 46%
Magic:  18/32      EV:  9    Int: 25    God:    Vehumet [**....]
Gold:   685        SH:  4    Dex: 10    Spells: 11/27 levels left

rFire    . . .     SeeInvis +   N - +3 spear (vamp)
rCold    . . .     Gourm    .   e - +0 buckler
rNeg     + + +     Faith    .   K - +7 scale mail "Wigremogua" {rN++ MP+9 Int+4}
rPois    ∞         Spirit   .   s - +1 helmet
rElec    +         Reflect  .   (no cloak)
rCorr    .         Harm     .   o - +0 pair of gloves
MR       .....                  (no boots)
Stlth    ..........             f - amulet of the acrobat
HPRegen  0.22/turn              k - +2 ring of intelligence
MPRegen  0.23/turn              I - ring of see invisible (curse)

@: marked, studying 2 skills
A: negative energy resistance 1, electricity resistance, unbreathing,
petrification resistance, rot immunity, AC +8
a: Renounce Religion


You were on level 10 of the Dungeon.
You worshipped Vehumet.
Vehumet was pleased with you.
You were near starving.

You visited 2 branches of the dungeon, and saw 12 of its levels.
You also visited: Ossuary and Bailey.

You collected 685 gold pieces.

Inventory:

Hand Weapons
 g - the +6 hand axe of Uvvim {protect, rN+}
   (You found it on level 8 of the Dungeon)

   It grants its wielder temporary protection when it strikes (+7 to AC).
   It protects you from negative energy.
 u - a +1 dagger of pain
 w - the +7 captain's cutlass {speed, disarm}
   (You found it on level 9 of the Dungeon)

   Attacks with this weapon are significantly faster.
 G - a +0 flail
 N - a +3 vampiric spear (weapon)
Missiles
 b - 217 stones (quivered)
 P - a throwing net
Armour
 e - a +0 buckler (worn)
 o - a +0 pair of gloves (worn)
 s - a +1 helmet (worn)
 y - the +0 pair of gloves of Submission {rF+ rC- rN+ SInv}
   (You found it in a bailey)

   It protects you from fire.
   It makes you vulnerable to cold.
   It protects you from negative energy.
   It lets you see invisible.
 K - the +7 scale mail "Wigremogua" (worn) {rN++ MP+9 Int+4}
   (You took it off a gnoll sergeant on level 4 of the Dungeon)

   It affects your intelligence (+4).
   It greatly protects you from negative energy.
   It affects your magic capacity (+9).
 L - the +0 shield of Dogmatism {rCorr}
   (You took it off a gnoll sergeant on level 4 of the Dungeon)

   It provides partial protection from all sources of acid and corrosion.
 S - a scarf of spirit shield
Jewellery
 f - an amulet of the acrobat (around neck)
 k - a +2 ring of intelligence (left hand)
 I - a cursed ring of see invisible (right hand)
 J - an uncursed ring of stealth
Wands
 C - a wand of paralysis (18)
 D - a wand of random effects (31)
 E - a wand of flame (22)
 F - a wand of acid (1)
 M - a wand of enslavement (5)
 T - a wand of digging (5)
Scrolls
 c - 2 scrolls of fog
 h - 2 scrolls of blinking
 i - 3 scrolls of enchant armour
 l - 8 scrolls of teleportation
 n - 4 scrolls of remove curse
 q - 3 scrolls of enchant weapon
 v - 6 scrolls of identify
 B - 3 scrolls of amnesia
 Q - a scroll of magic mapping
Potions
 a - 2 potions of cancellation
 j - 7 potions of curing
 m - 2 potions of flight
 p - 5 potions of might
 r - 2 potions of invisibility
 t - 3 potions of agility
 x - a potion of heal wounds
 z - 2 potions of haste
 A - a potion of mutation
 H - a potion of ambrosia {unknown}
Books
 O - a manual of Maces & Flails
 R - a manual of Slings
Miscellaneous
 U - a box of beasts
Comestibles
 d - 15 rations


   Skills:
 + Level 9.8 Fighting
 - Level 4.0 Armour
 - Level 2.0 Dodging
 - Level 2.1 Stealth
 - Level 4.0 Shields
 + Level 8.6 Spellcasting
 + Level 6.0 Conjurations
 + Level 0.8 Charms
 + Level 0.6 Necromancy
 + Level 1.3 Transmutations
 + Level 11.1 Earth Magic
 + Level 0.2 Evocations


You had 11 spell levels left.
You knew the following spells:

 Your Spells              Type           Power        Failure   Level  Hunger
a - Sandblast             Erth           ######       1%          1    None
b - Stone Arrow           Conj/Erth      ######       2%          3    None
c - Lee's Rapid Deconstr  Erth           ######....   8%          5    ####...
d - Sticks to Snakes      Tmut           ###.....     24%         2    None
r - Regeneration          Chrm/Necr      ##........   52%         3    None
S - Swiftness             Chrm/Air       ##......     34%         2    None

Your spell library contained the following spells:

 Spells                   Type           Power        Failure   Level  Hunger
 Dazzling Spray           Conj/Hex       ####..       22%         3    None
 Passwall                 Tmut/Erth      #####...     3%          2    None
 Shock                    Conj/Air       ####         8%          1    None
 Beastly Appendage        Tmut           ###...       16%         1    None
 Infusion                 Chrm           ###.         19%         1    None
 Petrify                  Tmut/Erth      #####...     21%         4    ##.....
 Static Discharge         Conj/Air       ####....     22%         3    None
 Song of Slaying          Chrm           ###.....     28%         2    None
 Shroud of Golubria       Chrm/Tloc      ##....       34%         2    None
 Spider Form              Tmut/Pois      ##........   52%         3    None
 Spectral Weapon          Hex/Chrm       ##......     56%         3    None
 Ice Form                 Ice/Tmut       ##......     90%         4    ##.....
 Lightning Bolt           Conj/Air       ####......   91%         5    ####...
 Airstrike                Air            ##........   95%         4    ##.....
 Blade Hands              Tmut           ###.......   99%         5    ####...


Dungeon Overview and Level Annotations

Branches:
Dungeon (11/15)            Temple (1/1) D:7             Orc (0/2) D:10
Ossuary (visited)          Bailey (visited)
   Lair: D:8-11

Altars:
Ashenzari
Cheibriados
Dithmenos
Elyvilon
Fedhas
Gozag
Hepliaklqana
Kikubaaqudgha
Makhleb
Nemelex Xobeh
Okawaru
Qazlal
Ru
Sif Muna
Uskayaw
Vehumet
Wu Jian
Xom
Yredelemnul
Zin
The Shining One

Annotations:
D:11 Sonja


Innate Abilities, Weirdness & Mutations

You are resistant to torment.
Your stone body is resilient. (AC +8)
You are immune to poison.
You resist negative energy. (rN+)
You are resistant to electric shocks. (rElec)
You can survive without breathing.
You are immune to petrification.
You are immune to rotting.


Message History

The white ugly thing stings you but does no damage.
Casting: Stone Arrow (safe; 2% risk of failure)
Confirm with . or Enter, or press ? or * to list all spells.
Aiming: Stone Arrow (safe; 2% risk of failure)
Press: ? - help, Shift-Dir - straight line, f/p - white ugly thing
Aim: a white ugly thing (heavily wounded)
The stone arrow hits the white ugly thing!
The white ugly thing is severely wounded.
The white ugly thing closely misses you.
Casting: Stone Arrow (safe; 2% risk of failure)
Confirm with . or Enter, or press ? or * to list all spells.
Aiming: Stone Arrow (safe; 2% risk of failure)
Press: ? - help, Shift-Dir - straight line, f/p - white ugly thing
Aim: a white ugly thing (severely wounded)
The stone arrow hits the white ugly thing!
The white ugly thing is severely wounded.
The white ugly thing stings you.
* * * LOW HITPOINT WARNING * * *
The white ugly thing freezes you!!
You die...

........#
#.....(.............
........#
#...................
........#
#...................
........#
#...................
.########
#........#######...[
.'......#
#........#.....#....
.#......#
#####'####.....#....
.#......#
#........'.....'....
.#......#
#..@u...##.....#....
.#......#
#.......##.....#####
.#......#
##########......#...
.#......#
##......##......#...
.'......#
#...............#...
.#......#
#.......##...####.##
.#......#
#.......##'######.##
##......#
#..................#
#[......#
#..................#


You could see a white ugly thing.

Vanquished Creatures
  An unseen horror (D:8)
  An orc knight (Bailey)
  2 kobold demonologists (Bailey)
  2 trolls
  The ghost of hitsuchi the Cudgeler, an amateur DsFi of Makhleb (D:4)
  2 hippogriffs (D:8)
  A yak (D:9)
  A wyvern (D:10)
  A human (D:9)
  3 hogs (D:9)
  2 hungry ghosts
  2 ice beasts
  14 orc warriors
  A phantom (D:9)
  2 black bears
  4 ogres
  5 centaurs
  A necrophage (D:10)
  A crocodile (D:10)
  Blork the orc (D:4)
  8 bullfrogs
  A gnoll sergeant (D:4)
  6 scorpions
  A water moccasin zombie (D:8)
  4 killer bees (D:10)
  2 electric eels (Bailey)
  4 crimson imps
  2 howler monkeys (D:9)
  3 centaur zombies
  8 hounds
  3 human zombies (Ossuary)
  3 orc priests
  2 jellies
  A gnoll shaman (D:4)
  9 orc wizards
  2 iguanas (D:5)
  Natasha (thrice) (D:4)
  12 worker ants
  4 big kobold zombies (Ossuary)
  A hound zombie (D:6)
  A hound skeleton (D:7)
  3 mummies (Ossuary)
  Robin (D:3)
  14 gnolls
  8 adders
  A howler monkey skeleton (D:10)
  4 scorpion zombies (Ossuary)
  A shadow imp (D:6)
  An adder skeleton (D:9)
  A dart slug (D:1)
  3 leopard geckos
  27 orcs
  6 bats
  2 giant cockroaches
  A gnoll zombie (Ossuary)
  20 goblins
  16 hobgoblins
  9 jackals
  2 quokkas
  5 frilled lizards
  3 goblin zombies (Ossuary)
  2 hobgoblin zombies (Ossuary)
  A jackal skeleton (D:4)
  2 kobolds (D:1)
  A kobold zombie (Ossuary)
  A leopard gecko skeleton (D:4)
  A quokka skeleton (D:7)
  8 rats
272 creatures vanquished.

Vanquished Creatures (others)
  2 scorpions (Ossuary)
  2 gnoll zombies (Ossuary)
  6 plants (D:4)
10 creatures vanquished.

Grand Total: 282 creatures vanquished

Notes
Turn   | Place    | Note
-------+----------+-------------------------------------------
     0 | D:1      | Hylith the Gargoyle Earth Elementalist began the quest for
                  | the Orb.
     0 | D:1      | Reached XP level 1. HP: 10/10 MP: 3/3
   361 | D:1      | Reached XP level 2. HP: 5/15 MP: 3/5
   384 | D:1      | Reached skill level 4 in Earth Magic
  1233 | D:2      | Reached XP level 3. HP: 19/20 MP: 6/6
  1360 | D:2      | Reached skill level 1 in Fighting
  1780 | D:3      | Reached XP level 4. HP: 14/26 MP: 0/7
  2112 | D:3      | Learned a level 3 spell: Stone Arrow
  2185 | D:3      | Noticed Robin
  2382 | D:3      | Killed Robin
  2599 | D:3      | Reached XP level 5. HP: 22/30 MP: 9/9
  2603 | D:3      | Reached skill level 5 in Earth Magic
  2616 | D:3      | Reached skill level 1 in Conjurations
  3125 | D:3      | Reached XP level 6. HP: 13/37 MP: 8/10
  3391 | D:4      | Noticed an orc warrior
  3417 | D:4      | Noticed an orc warrior
  3432 | D:4      | Noticed Natasha
  3608 | D:4      | Identified the +7 scale mail "Wigremogua" {rN++ MP+9 Int+4}
  3608 | D:4      | Identified the +0 shield of Dogmatism {rCorr}
  3799 | D:4      | Killed Natasha
  3931 | D:4      | Noticed Blork the orc
  4097 | D:4      | Noticed Natasha
  4099 | D:4      | Killed Natasha
  4099 | D:4      | Reached XP level 7. HP: 42/42 MP: 10/12
  4114 | D:4      | Reached skill level 6 in Earth Magic
  4373 | D:4      | Noticed Natasha
  4604 | D:4      | Killed Blork the orc
  4763 | D:4      | Found a transporter.
  4764 | D:4      | Found a transporter.
  4783 | D:4      | Noticed hitsuchi's ghost (amateur DsFi)
  5080 | D:4      | Killed Natasha
  5140 | D:5      | Entered Level 5 of the Dungeon
  5142 | D:5      | Found a sand-covered staircase.
  5147 | Ossuary  | Entered an ossuary
  5158 | Ossuary  | Learned a level 5 spell: Lee's Rapid Deconstruction
  5202 | Ossuary  | Reached XP level 8. HP: 10/48 MP: 12/14
  5597 | Ossuary  | Reached skill level 7 in Earth Magic
  5847 | Ossuary  | Reached skill level 5 in Fighting
  6503 | Ossuary  | Reached skill level 5 in Spellcasting
  6503 | Ossuary  | Reached skill level 8 in Earth Magic
  8203 | D:6      | Found a blossoming altar of Fedhas.
  8203 | D:6      | Found a hide-covered altar of Uskayaw.
  8204 | D:6      | Found a hazy altar of Hepliaklqana.
  8250 | D:6      | Reached skill level 1 in Shields
  8250 | D:6      | Reached XP level 9. HP: 51/55 MP: 13/17
  8257 | D:6      | Reached skill level 9 in Earth Magic
  8898 | D:7      | Found an ancient bone altar of Kikubaaqudgha.
  8898 | D:7      | Found a burning altar of Makhleb.
  8917 | D:7      | Found a faded altar of an unknown god.
  8917 | D:7      | Found a shadowy altar of Dithmenos.
  8922 | D:7      | Found an iron altar of Okawaru.
  8924 | D:7      | Found a shimmering altar of Xom.
  8926 | D:7      | Found an opulent altar of Gozag.
  9547 | D:7      | Found a staircase to the Ecumenical Temple.
  9560 | Temple   | Entered the Ecumenical Temple
  9589 | Temple   | Became a worshipper of Vehumet
  9635 | D:7      | Learned a level 2 spell: Swiftness
 10130 | D:7      | Reached XP level 10. HP: 57/64 MP: 7/20
 10289 | D:4      | Killed hitsuchi's ghost
 10602 | D:8      | Noticed an unseen horror
 10653 | D:8      | Killed an unseen horror
 10653 | D:8      | Reached skill level 1 in Armour
 10653 | D:8      | Reached skill level 5 in Conjurations
 10669 | D:8      | Reached * piety under Vehumet
 10669 | D:8      | Offered knowledge of Flame Tongue by Vehumet.
 10756 | D:8      | Found a flagged portal.
 10758 | D:8      | Got a fine hand axe
 10769 | Bailey   | Entered a bailey
 10770 | Bailey   | Identified the +6 hand axe of Uvvim {protect, rN+} (You
                  | found it on level 8 of the Dungeon)
 10836 | Bailey   | Found an iron altar of Okawaru.
 10836 | Bailey   | Noticed a kobold demonologist
 10836 | Bailey   | Noticed a kobold demonologist
 10850 | Bailey   | Killed a kobold demonologist
 10850 | Bailey   | Reached skill level 10 in Earth Magic
 10856 | Bailey   | Killed a kobold demonologist
 10932 | Bailey   | Noticed an orc knight
 10969 | Bailey   | Offered knowledge of Searing Ray by Vehumet.
 10978 | Bailey   | Killed an orc knight
 11071 | Bailey   | Identified the cursed +2 long sword of the Nexus {slice,
                  | Str+5 SInv Stlth-}
 11096 | Bailey   | Reached ** piety under Vehumet
 11238 | Bailey   | Reached XP level 11. HP: 52/71 MP: 23/23
 11570 | Bailey   | Got a pair of ichor-stained gloves
 11624 | Bailey   | Identified the +0 pair of gloves of Submission {rF+ rC- rN+
                  | SInv} (You found it in a bailey)
 12051 | D:8      | Found a sacrificial altar of Ru.
 12389 | D:9      | Found the +7 captain's cutlass {speed, disarm}
 12826 | D:9      | Reached skill level 11 in Earth Magic
 12872 | D:9      | Found a shattered altar of Ashenzari.
 13173 | D:9      | Learned a level 3 spell: Regeneration
 13176 | D:9      | Learned a level 2 spell: Sticks to Snakes
 13221 | D:10     | Entered Level 10 of the Dungeon
 13281 | D:10     | Found a staircase to the Orcish Mines.
 13350 | D:10     | Reached skill level 1 in Transmutations
 13353 | D:10     | Offered knowledge of Dazzling Spray by Vehumet.
 13513 | D:10     | Found an opulent altar of Gozag.
 14077 | D:11     | Noticed a green ugly thing
 14170 | D:11     | Noticed a white ugly thing
 14173 | D:11     | Noticed Sonja
 14186 | D:10     | Mangled by a white ugly thing

Levels and vault maps discovered:
D:1:      arrival_zaba_pyramid, layout_basic, kennysheep_doodads
D:2:      layout_rooms
D:3:      layout_rooms, cheibrodos_gnoll_hut, uniq_robin
D:4:      layout_basic, gammafunk_ghost_gnarly_gnolls, uniq_natasha,
          uniq_blork_the_orc
D:5:      layout_cave_pods, first_ration, enter_ossuary_5
D:6:      layout_rooms, gammafunk_temple_overflow_claw,
          chequers_serial_rivers_small_a, minmay_small_thing
D:7:      layout_basic, chequers_temple_overflow_minitemple,
          gammafunk_temple_overflow_wave, minmay_temple_entry_trees,
          roderic_roman_lattice, grunt_ministairs_10, minmay_strange_pillars
D:8:      layout_basic, marbit_many_paths, enter_bailey_3, minmay_manual_mess
D:9:      layout_irregular_city, grunt_livestock, cheibrodos_ashenzari_chains
D:10:     layout_gridville, orc_0_dummy,
          nicolae_gozag_cash_rules_everything_around_me
D:11:     layout_rooms, david_lair_generic, basic_altar, minmay_hedge_maze,
          minmay_orc_keep, uniq_sonja
Temple:   minmay_temple_bridge_abc

Skill      XL: |  1  2  3  4  5  6  7  8  9 10 11 |
---------------+----------------------------------+-----
Earth Magic    | 4 5 6 8 9 10 11 | 11.1
Dodging        | 2 |  2.0
Fighting       | 1 2 3 4 5 7 9 |  9.8
Conjurations   | 1 2 3 4 5 6 |  6.0
Spellcasting   | 3 4 5 6 8 |  8.6
Shields        | 1 4 |  4.0
Armour         | 4 |  4.0
Transmutations | 1 |  1.3
Stealth        | |  2.1
Charms         | |  0.8
Necromancy     | |  0.6
Evocations     | |  0.2

Action                   |  1- 3 |  4- 6 |  7- 9 | 10-12 || total
-------------------------+-------+-------+-------+-------++-------
Melee: Unarmed           |    70 |       |       |       ||    70
       Dagger            |    96 |   275 |   577 |     4 ||   952
       Spear             |       |       |       |   571 ||   571
Throw: Throwing net      |       |       |       |     1 ||     1
 Cast: Sandblast         |     9 |    25 |    52 |    17 ||   103
       Stone Arrow       |       |     5 |    86 |    30 ||   121
       Lee's Rapid Decon |       |       |     3 |    17 ||    20
Evoke: Wand              |       |       |     2 |    13 ||    15
  Use: Scroll            |       |     6 |       |    16 ||    22
       Potion            |       |       |     1 |       ||     1
 Stab: Sleeping          |     4 |     2 |     2 |       ||     8
  Eat: Chunk             |     3 |     8 |    17 |     7 ||    35
       Ration            |       |       |     2 |     3 ||     5
Armor: Robe              |    67 |   111 |   241 |     8 ||   427
       Scale mail        |       |       |       |   394 ||   394
Dodge: Dodged            |   135 |   193 |   339 |   274 ||   941
Block: Buckler           |       |       |    27 |   133 ||   160

Table legend:
 A = Non-vault XP
 B = Vault XP
 C = Vault XP percentage of total XP
 D = Non-vault monster count
 E = Vault monster count
 F = Vault count percentage of total count
                 A         B        C        D         E       F
            +---------+---------+-------+---------+---------+-------
      Total |    7131 |    6357 |  47.1 |     161 |     114 |  41.5
            +---------+---------+-------+---------+---------+-------
        D:1 |      31 |       0 |   0.0 |      19 |       0 |   0.0
        D:2 |      31 |       6 |  16.2 |       5 |       3 |  37.5
        D:3 |     147 |     136 |  48.1 |      17 |      13 |  43.3
        D:4 |     707 |     641 |  47.6 |      20 |      12 |  37.5
        D:5 |     247 |       0 |   0.0 |      16 |       0 |   0.0
        D:6 |     919 |     124 |  11.9 |      16 |       1 |   5.9
        D:7 |    1315 |     224 |  14.6 |      23 |       2 |   8.0
        D:8 |    1011 |     890 |  46.8 |       9 |       7 |  43.8
        D:9 |    1254 |    1002 |  44.4 |      19 |       5 |  20.8
       D:10 |    1469 |       0 |   0.0 |      17 |       0 |   0.0
    Ossuary |       0 |     695 | 100.0 |       0 |      30 | 100.0
     Bailey |       0 |    2639 | 100.0 |       0 |      41 | 100.0
            +---------+---------+-------+---------+---------+-------
